 Dungeon Crawl Stone Soup version 0.31.0-11-ge490571c62 (webtiles) character file.

Game seed: 10074201842563990681

583 Amelense the Ruffian (level 7, -14/126 (136) HPs)
             Began as a Troll Shapeshifter on Feb 7, 2024.
             Killed by an exploding wight (33 damage)
             ... ignited by their inner flame
             ... on level 5 of the Dungeon.
             The game lasted 00:19:36 (3841 turns).

Amelense the Ruffian (Troll Shapeshifter)           Turns: 3841, Time: 00:19:37

HP:   -14/126 (136) AC: 23    Str: 21 (23) XL:     7   Next: 14%
MP:   6/6           EV:  1    Int:  6 (8)  God:
Gold: 301           SH:  0    Dex:  7 (9)  Spells: 6/6 levels left

rFire   . .          .
                       - Unarmed
rCold   . . .        (no shield)
rNeg    . . .        a - melded +1 animal skin
rPois   +            (helmet currently unavailable)
rElec   .            (cloak currently unavailable)
rCorr   .            (gloves unavailable)
SInv    .            (boots unavailable)
Will    .....        (no amulet) Stlth
                     (no ring)
HPRegen 1.21/turn    (no ring)
MPRegen 0.10/turn

%: no passive effects
@: brilliant, berserking, tree-form, attractive, drained, very quick
A: stationary, stasis, torment immunity, boosted hp, large, unfitting armour,
(claws 3), regeneration 1, (shaggy fur 1), (tough skin 1)
a: no special abilities


You were on level 5 of the Dungeon.
You were a tree.
You visited 1 branch of the dungeon, and saw 5 of its levels.

You collected 301 gold pieces.

Inventory:

Armour
 a - a +1 animal skin (melded)
Jewellery
 r - a ring of protection from cold
Talismans
 c - a beast talisman (active)
 d - a flux talisman
Wands
 j - a wand of light (7)
Scrolls
 g - a scroll of enchant weapon
 l - 10 scrolls of identify {unknown}
 p - a scroll of torment {unknown}
Potions
 e - a potion of curing


   Skills:
 - Level 0.8 Fighting
 - Level 1.8 Dodging
 + Level 6.4 Unarmed Combat
 * Level 5.4 Shapeshifting


You had 6 spell levels left.
You didn't know any spells.
Your spell library contained the following spells:

 Spells                   Type           Power      Damage    Failure   Level
 Apportation              Tloc           0%         N/A       45%         1
 Kiss of Death            Conj/Necr      0%         2d5       45%         1
 Necrotise                Necr           0%         1d4       45%         1
 Sandblast                Erth           0%         2d4       45%         1
 Sting                    Conj/Alch      0%         1d3       45%         1
 Summon Small Mammal      Summ           0%         N/A       45%         1
 Call Imp                 Summ           0%         N/A       58%         2
 Sublimation of Blood     Necr           0%         N/A       58%         2
 Confusing Touch          Hex            0%         N/A       83%         3
 Ozocubu's Armour         Ice            0%         N/A       83%         3
 Passwall                 Erth           0%         N/A       83%         3
 Stone Arrow              Conj/Erth      0%         3d7       83%         3
 Summon Ice Beast         Ice/Summ       0%         N/A       83%         3
 Animate Dead             Necr           0%         N/A       99%         4
 Brom's Barrelling Bould  Conj/Erth      0%         2d3       99%         4
 Dispel Undead            Necr           0%         3d6       99%         4
 Summon Blazeheart Golem  Fire/Summ      0%         N/A       99%         4
 Conjure Ball Lightning   Conj/Air       0%         3x3d6     100%        6
 Haunt                    Necr/Summ      0%         N/A       100%        7
 Orb of Destruction       Conj           0%         9d5       100%        7
 Spellforged Servitor     Conj/Summ      0%         N/A       100%        7
 Summon Hydra             Summ           0%         N/A       100%        7
 Infestation              Necr           0%         N/A       100%        8


Dungeon Overview and Level Annotations

Branches:
Dungeon (5/15)
 Temple: D:4-7

Altars:


Innate Abilities, Weirdness & Mutations

You are a tree.
Your roots penetrate the ground, keeping you stationary.
You cannot be teleported.
You are immune to unholy pain and torment.
Your maximum health is greatly increased.
Your equipment is partially melded.
You are too large for most types of armour.
((You have claws for hands.))
Your natural rate of healing is unusually fast.
((You are covered in fur. (AC +1)))
((You have tough skin. (AC +1)))


Message History

You feel attractive to monsters. The wight hits you but does no damage.
It was a potion of degeneration.
There was something very wrong with that liquid.
You feel weakened.
You feel dopey.
You feel clumsy.
The wight hits you with a +1 vampiric great sword.
* * * LOW HITPOINT WARNING * * *
Sorry, you're not good enough to have a special ability.
As you read the scroll labelled YRICRU TAUG, it crumbles to dust.
The creatures around you are filled with an inner flame!
It was a scroll of immolation.
The wight hits you but does no damage.
As you read the scroll labelled ESHESI LUPRA, it crumbles to dust.
It is a scroll of enchant armour.
Your +0 animal skin glows green for a moment.
The wight hits you with a +1 vampiric great sword.
* * * LOW HITPOINT WARNING * * *
You feel better. The wight hits you but does no damage.
You feel better. The wight hits you but does no damage.
The air fills with toxic fumes!
As you read the scroll labelled VICEQA FOMMAX, it crumbles to dust.
It was a scroll of poison.
The wight hits you with a +1 vampiric great sword!
* * * LOW HITPOINT WARNING * * *
You feel drained.
* * * LOW HITPOINT WARNING * * *
As you read the scroll labelled YNUJYTE EFYFE, it crumbles to dust.
You cannot blink because you are held in place by your roots.
It was a scroll of blinking.
The wight hits you but does no damage.
It was a potion of brilliance.
You feel clever all of a sudden.
The wight hits you with a +1 vampiric great sword.
* * * LOW HITPOINT WARNING * * *
It was a potion of berserk rage.
A red film seems to cover your vision as you go berserk!
You feel yourself moving faster!
You feel mighty! The wight hits you but does no damage.
You pummel the wight!!
The wight explodes!
The fiery explosion engulfs the wight!!
The fiery explosion engulfs you!!
You die...

# .......#..........
#.##§§§§§§§§§§......
.....§§§§§§§§.......
.....§§§§§§§......##
#....§§§§§.........
#...§§§§.$........
#§z......>#
#§##)...####
#♣#........#
#§§§§§§§§§§§.......#
#§§§§§§§§§§#.#...#.#
§§#§§§§§§§§§####..#
§§§.§§§§§§§§§§# ....
§§.§§§§§§§§#§§§#
...# §
§§§§##§§§##§§.# ...
§§§§§ .§§§§.§§.. ...


You could see a wight (inner flame).

Vanquished Creatures
  A scorpion (D:4)
  4 wights (D:5)
  2 hounds (D:4)
  3 orc wizards (D:4)
  3 iguanas (D:4)
  5 gnolls (D:4)
  5 adders
  2 dart slugs (D:4)
  3 ribbon worms
  14 orcs
  3 bats
  12 endoplasms
  A giant cockroach (D:1)
  9 goblins
  5 hobgoblins
  2 jackals (D:3)
  8 kobolds
  9 quokkas
  6 ball pythons
  3 frilled lizards
  4 rats
104 creatures vanquished.

Notes
Turn   | Place    | Note
-------+----------+-------------------------------------------
     0 | D:1      | Amelense the Troll Shapeshifter began the quest for the
                  | Orb.
     0 | D:1      | Reached XP level 1. HP: 18/18 MP: 0/0
   192 | D:1      | Reached XP level 2. HP: 22/26 MP: 1/1
   494 | D:1      | Reached XP level 3. HP: 29/32 MP: 2/2
  1000 | D:2      | Reached skill level 4 in Unarmed Combat
  1562 | D:2      | Got Idaghuen's Folio of Icy Blasting
  1679 | D:2      | Reached XP level 4. HP: 38/40 MP: 3/3
  2447 | D:3      | Found a glowing drain.
  3050 | D:4      | Reached XP level 5. HP: 43/46 MP: 4/4
  3066 | D:4      | Reached skill level 5 in Unarmed Combat
  3135 | D:4      | Reached XP level 6. HP: 54/54 MP: 5/5
  3411 | D:4      | Reached skill level 5 in Shapeshifting
  3570 | D:4      | Reached skill level 6 in Unarmed Combat
  3804 | D:5      | Entered Level 5 of the Dungeon
  3817 | D:5      | Reached XP level 7. HP: 61/61 MP: 6/6
  3841 | D:5      | Killed by an exploding wight... ignited by their inner
                  | flame

Illustrated notes

Levels and vault maps discovered:
D:1:      lightli_molten_gateway, layout_loops_ring, minmay_pentomino_z4
D:2:      layout_basic, st_stairs_6
D:3:      layout_basic, cheibrodos_sewer_entry_bend
D:4:      layout_loops_ring, grunt_decor_cap, minmay_between
D:5:      layout_cave_pools

Skill      XL: |  1  2  3  4  5  6 |
---------------+-------------------+-----
Unarmed Combat | 4 5 6 |  6.4
Shapeshifting  | 4 5 |  5.4
Fighting       | |  0.8
Dodging        | |  1.8

Action                     |  1- 3 |  4- 6 |  7- 9 || total
---------------------------+-------+-------+-------++-------
  Melee: Unarmed           |    90 |   138 |     6 ||   234
         Punch             |     2 |     2 |       ||     4
    Use: Scroll            |     2 |       |     4 ||     6
         Potion            |       |       |     8 ||     8
   Stab: Sleeping          |       |     1 |       ||     1
 Armour: Animal skin       |    62 |    83 |     5 ||   150
         Skin              |       |       |    13 ||    13
  Dodge: Dodged            |    48 |    64 |     1 ||   113
   Form: Beast             |     1 |     2 |       ||     3
         Flux              |     1 |     1 |       ||     2
                           |       |     1 |       ||     1
